 Dungeon Crawl Stone Soup version 0.16.2-12-gd0ad4c3 (webtiles) character file.

473 faibistes the Magician (level 6, -1/32 HPs)
             Began as a Deep Elf Wizard on Feb 6, 2018.
             Killed by divine providence
             ... invoked by an orc priest
              (14 damage)
             ... on level 5 of the Dungeon.
             The game lasted 00:09:59 (4322 turns).

faibistes the Magician (Deep Elf Wizard)            Turns: 4322, Time: 00:09:59

Health: -1/32      AC:  2    Str:  4    XL:     6   Next: 83%
Magic:  23/32      EV: 14    Int: 25    God:
Gold:   158        SH:  0    Dex: 13    Spells: 6 memorised, 6 levels left

rFire  . . .     SeeInvis .     r - +0 dagger
rCold  . . .     Clarity  .     a - +0 robe
rNeg   . . .     SustAb   .     (no shield)
rPois  .         Gourm    .     b - +0 hat
rElec  .         Spirit   .     (no cloak)
rCorr  .         Warding  .     (no gloves)
rMut   .         Stasis   .     (no boots)
MR     .....                    (no amulet)
Stlth  ++........               x - ring of wizardry
                                k - ring of magical power

@: lethally poisoned (-1 -> -6), repel missiles, not resistant to hostile
enchantments, unstealthy
A: no striking features
a: no special abilities


You were on level 5 of the Dungeon.
You were not hungry.

You visited 1 branch of the dungeon, and saw 6 of its levels.

You collected 158 gold pieces.

Inventory:

Hand weapons
 g - a +0 club
 r - a +0 dagger (weapon)
Armour
 a - a +0 robe (worn)
 b - a +0 hat (worn)
Jewellery
 k - a ring of magical power (left hand)
 u - an uncursed ring of sustain abilities
 v - an uncursed ring of positive energy
 x - a ring of wizardry (right hand)
Magical devices
 i - a wand of digging (6)
Scrolls
 f - a scroll of immolation {unknown}
 j - a scroll of teleportation {unknown}
 n - a scroll of remove curse
 o - a scroll of magic mapping {unknown}
 p - a scroll of fear
 s - a scroll of random uselessness {unknown}
 w - a scroll of enchant weapon {unknown}
 y - a scroll of identify
 A - a scroll of recharging {unknown}
 C - a scroll of enchant armour {unknown}
Potions
 e - 2 potions of agility
 l - a potion of invisibility
 m - a potion of resistance
 q - a potion of heal wounds
 B - 2 potions of ambrosia
Books
 c - a book of Minor Magic

   Spells                             Type                      Level
   a - Magic Dart                     Conjuration                  1
   b - Blink                          Translocation                2
   c - Call Imp                       Summoning                    2
   d - Repel Missiles                 Charms/Air                   2
   e - Slow                           Hexes                        2
   f - Conjure Flame                  Conjuration/Fire             3
   g - Mephitic Cloud                 Conjuration/Poison/Air       3
Comestibles
 d - 3 bread rations
 h - 2 meat rations
 t - a beef jerky
 z - a chunk of flesh


   Skills:
 + Level 4.6 Dodging
 - Level 2.4 Stealth
 * Level 7.2 Spellcasting
 - Level 4.3 Conjurations
 - Level 1.1 Summonings
 * Level 2.6 Translocations


You had 6 spell levels left.
You knew the following spells:

 Your Spells              Type           Power        Failure   Level  Hunger
a - Magic Dart            Conj           ####         1%          1    None
b - Conjure Flame         Conj/Fire      ###.....     4%          3    None
c - Call Imp              Summ           ##......     4%          2    None
d - Blink                 Tloc           N/A          1%          2    None
e - Mephitic Cloud        Conj/Pois/Air  ###.....     4%          3    None
f - Repel Missiles        Chrm/Air       #.....       4%          2    None


Dungeon Overview and Level Annotations

Branches:
Dungeon (6/15)
 Temple: D:4-7

Altars:
Gozag
Trog
Zin


Message History

Casting: Magic Dart
Confirm with . or Enter, or press ? or * to list all spells.
Aiming: Magic Dart
Press: ? - help, Shift-Dir - straight line, f - orc priest
Aim: an orc priest, wielding a club The magic dart hits the orc priest.
The orc priest is moderately wounded.
You feel sick.
The orc priest calls down the wrath of Beogh upon you.
Something smites you!
Casting: Magic Dart
Confirm with . or Enter, or press ? or * to list all spells.
Aiming: Magic Dart
Press: ? - help, Shift-Dir - straight line, f/p - orc priest
Aim: an orc priest, wielding a club (moderately wounded)
The magic dart hits the orc priest.
The orc priest is heavily wounded.
The orc priest invokes the aid of Beogh against you.
Something smites you!
You die...

. . #. . ..
..o...# ##
###.##.#.#
........ ..##
###(###.#..<..
#.@.ยง>#.#.>#
#.#.#......#
.....###.#.##
..... .# #<.#
#####.#.....##
#.#####.. ?.
#.#. #. ....#
. ... #


You could see an orc priest.

Vanquished Creatures
  A sky beast (D:5)
  An ogre (D:4)
  A giant frog skeleton (D:5)
  An iguana (D:4)
  4 worker ants
  7 adders
  A giant mite (D:3)
  3 worms
  An adder skeleton (D:4)
  3 giant geckos
  An ooze (D:3)
  4 orcs
  A ball python (D:3)
  5 bats
  3 giant cockroaches (D:1)
  5 hobgoblins
  5 jackals
  3 quokkas
  2 giant newts (D:1)
  7 goblins
  4 kobolds
  10 rats
73 creatures vanquished.

Notes
Turn   | Place    | Note
--------------------------------------------------------------
     0 | D:1      | faibistes, the Deep Elf Wizard, began the quest for the Orb.
     0 | D:1      | Reached XP level 1. HP: 10/10 MP: 6/6
   465 | D:1      | Reached XP level 2. HP: 12/15 MP: 2/10
   533 | D:1      | Learned a level 2 spell: Blink
   536 | D:1      | Learned a level 2 spell: Call Imp
   902 | D:2      | Found a bloodstained altar of Trog.
   939 | D:2      | Reached skill level 5 in Spellcasting
   939 | D:2      | Reached XP level 3. HP: 19/19 MP: 13/14
   944 | D:2      | Learned a level 3 spell: Conjure Flame
   948 | D:2      | Learned a level 3 spell: Mephitic Cloud
  1574 | D:2      | Reached XP level 4. HP: 17/24 MP: 10/17
  1590 | D:2      | Learned a level 2 spell: Repel Missiles
  2987 | D:3      | Found a glowing silver altar of Zin.
  2988 | D:3      | Found an opulent altar of Gozag.
  3199 | D:3      | Reached XP level 5. HP: 28/28 MP: 20/20
  3466 | D:5      | Entered Level 5 of the Dungeon
  3466 | D:5      | Noticed a sky beast
  3472 | D:5      | Reached skill level 6 in Spellcasting
  3478 | D:5      | Killed a sky beast
  3492 | D:5      | Reached XP level 6. HP: 9/32 MP: 14/22
  3856 | D:4      | Noticed an ogre
  3862 | D:4      | Killed an ogre
  3862 | D:4      | Reached skill level 7 in Spellcasting
  4322 | D:5      | Killed from afar by an orc priest

Action                   |  1- 3 |  4- 6 || total
-------------------------+-------+-------++-------
Melee: Unarmed           |     1 |       ||     1
       Dagger            |       |     7 ||     7
 Cast: Magic Dart        |    92 |   131 ||   223
       Blink             |     1 |     4 ||     5
       Mephitic Cloud    |     1 |     5 ||     6
       Repel Missiles    |       |     1 ||     1
       Conjure Flame     |       |     5 ||     5
  Use: Scroll            |     3 |     4 ||     7
  Eat: Chunk             |     2 |     8 ||    10
